 Dungeon Crawl Stone Soup version 0.29-a0-459-g97dee8cd24 (webtiles) character file.

Game seed: 3813080322022617810

136 spiderkeys the Skirmisher (level 5, -5/50 HPs)
             Began as a Naga Abyssal Knight on May 20, 2022.
             Was a Priest of Lugonu.
             Slain by bande's ghost (13 damage)
             ... on level 3 of the Dungeon.
             The game lasted 00:05:19 (2540 turns).

spiderkeys the Skirmisher (Naga Abyssal Knight)     Turns: 2540, Time: 00:05:20

Health: -5/50      AC:  3    Str: 15    XL:     5   Next: 19%
Magic:  7/7        EV:  9    Int: 12    God:    Lugonu [***...]
Gold:   187        SH:  0    Dex: 12    Spells: 4/4 levels left

rFire   . . .      SeeInvis +   a - +1 spear
rCold   + . .      Faith    .   (no shield)
rNeg    . . .      Spirit   .   b - +0 leather armour
rPois   +          Reflect  .   (no helmet)
rElec   .          Harm     .   (no cloak)
rCorr   .          Rampage  .   (no gloves)
Will    .....                   (no barding)
Stlth   +.........              g - amulet of regeneration
HPRegen 0.96/turn               C - ring of protection from cold
MPRegen 0.10/turn               (no ring)

@: very slow
A: AC +1, large, see invisible, deformed body, poison resistance, slowness 2,
spit poison 1, naga tail 1
a: Spit Poison, Renounce Religion, Depart the Abyss, Bend Space, Banish


You were on level 3 of the Dungeon.
You worshipped Lugonu.
Lugonu was most pleased with you.
You visited 1 branch of the dungeon, and saw 3 of its levels.
You visited the Abyss 1 time.

You collected 187 gold pieces.


Innate Abilities, Weirdness & Mutations

Your serpentine skin is tough. (AC +1)
You have supernaturally acute eyesight. (SInv)
Armour fits poorly on your strangely shaped body.
Your system is resistant to poisons. (rPois)
You cover ground very slowly.
You can spit poison.
You have a snake-like lower body.


   Skills:
 + Level 3.8 Fighting
 + Level 3.1 Polearms
 - Level 1.5 Armour
 + Level 2.0 Dodging
 + Level 3.2 Invocations


You had 4 spell levels left.
You didn't know any spells.
Your spell library was empty.

Inventory:

Hand Weapons
 a - a +1 spear (weapon)
Missiles
 c - 75 stones
 t - 7 poisoned darts
Armour
 b - a +0 leather armour (worn)
 e - a +0 robe
   (You found it on level 1 of the Dungeon)
 j - a +0 leather armour
   (You found it on level 1 of the Dungeon)
 l - a +0 plate armour
   (You found it on level 1 of the Dungeon)
 n - a +0 ring mail
   (You found it on level 1 of the Dungeon)
 q - a +0 robe
   (You found it on level 2 of the Dungeon)
 v - a +0 animal skin
   (You took it off Robin on level 3 of the Dungeon)
 w - a +0 helmet
   (You took it off Robin on level 3 of the Dungeon)
Jewellery
 g - an amulet of regeneration (around neck)
   (You found it on level 2 of the Dungeon)
 C - a ring of protection from cold (left hand)
   (You found it on level 2 of the Dungeon)
Scrolls
 d - a scroll of vulnerability {!r!r}
 i - 2 scrolls of magic mapping {!r}
 o - a scroll of poison
 p - a scroll of amnesia
 s - a scroll of teleportation {@r4}
Potions
 f - 3 potions of curing {@q1}
 h - 4 potions of heal wounds {unknown}
 k - a potion of brilliance {unknown}
 m - a potion of flight {unknown}
 r - a potion of might {unknown}
 u - a potion of lignification {unknown}
 x - a potion of haste {unknown}

Dungeon Overview and Level Annotations

Branches:
Dungeon (3/15)

Altars:
Dithmenos

Annotations:
D:3 bande's ghost, amateur GrFi

#####################
#...@................
####.#W################# #####
#.....w.......######....
....######.............#.........
............###'''###....#####...
<......##...#.......#..#######...
######......#.......#............
####...#..#.#..#.........#.#
##..#.#...#.#.........#.#


You could see a worm and bande's ghost.


Message History

No target in view!
No target in view!
An adder comes into view.
An adder is nearby!
An adder is nearby!
An adder is nearby!
Found a stone staircase leading down.
The adder closely misses you.
You hit the adder. The adder closely misses you.
You hit the adder. The adder bites you.
You are poisoned.
The adder poisons you! 😕 HP[-4]
You take 4 damage, and now have 46/50 hp.
You hit the adder.
You feel sick.
The adder bites you but does no damage. x2
You miss the adder.
You feel sick. The adder bites you but does no damage.
You hit the adder.
You kill the adder!
Lugonu accepts your kill.
You feel sick.
No target in view!
No target in view!
You feel sick.
You are no longer poisoned.
Found a stone staircase leading down. 😎 HP[+4]
Your hp is fully restored (50).
x - a yellow potion You now have 174 gold pieces (gained 8).
Bande's ghost turns its malevolent gaze towards you.
Found a stone staircase leading up.
Key pressed, stopping explore.
There is a stone staircase leading down here.
A giant cockroach comes into view.
The giant cockroach barely misses you.
You hit the giant cockroach. The giant cockroach bites you. 😕 HP[-1]
You take 1 damage, and now have 49/50 hp.
You hit the giant cockroach but do no damage.
The giant cockroach barely misses you. 😎 HP[+1]
Your hp is fully restored (50).
You puncture the giant cockroach!
You kill the giant cockroach!
Lugonu accepts your kill.
No target in view!
No target in view!
f - 3 potions of curing {@q1} (gained 1) Key pressed, stopping explore.
Key pressed, stopping explore.
An adder comes into view.
An adder is nearby!
The adder hisses angrily.
You barely miss the adder. The adder bites you. 😕 HP[-2]
You take 2 damage, and now have 48/50 hp.
You closely miss the adder. The adder bites you but does no damage.
The adder closely misses you. 😕 HP[+1]
You hit the adder.
The adder bites you but does no damage. 😎 HP[+1]
Your hp is fully restored (50).
You hit the adder. The adder bites you but does no damage.
You hit the adder. The adder bites you but does no damage.
You hit the adder.
You kill the adder!
Lugonu accepts your kill.
No target in view!
No target in view!
You see here an adder corpse.
You now have 187 gold pieces (gained 13).
Key pressed, stopping explore.
Key pressed, stopping explore.
You see here an adder corpse.
Key pressed, stopping explore.
Bande's ghost turns its malevolent gaze towards you.
Failed to move towards target.
Failed to move towards target.
You open the gate. Bande's ghost attacks as you move away!
Bande's ghost hits you! 😮 HP[-14]
You take 14 damage, and now have 36/50 hp.
MASSIVE DAMAGE!! (PAUSE) Bande's ghost attacks as you move away!
Bande's ghost hits you!
* * * LOW HITPOINT WARNING * * *
Bande's ghost hits you!
* * * LOW HITPOINT WARNING * * *
😱 HP[-24]
You take 24 damage, and now have 12/50 hp.
MASSIVE DAMAGE!! (PAUSE)
You barely miss bande's ghost. 😨 HP[+1]
You barely miss bande's ghost. Bande's ghost hits you!
* * * LOW HITPOINT WARNING * * *
😱 HP[-7]
You take 7 damage, and now have 6/50 hp.
You hit bande's ghost but do no damage.
Bande's ghost hits you but does no damage. 😱 HP[+1]
You barely miss bande's ghost. Bande's ghost hits you!
You die...

Skill      XL: |  1  2  3  4  5 |
---------------+----------------+-----
Dodging        | 1 2 |  2.0
Invocations    | 3 |  3.2
Polearms       | 3 |  3.1
Fighting       | |  3.8
Armour         | |  1.5

Action                   |  1- 3 |  4- 6 || total
-------------------------+-------+-------++-------
Melee: Spear             |   154 |   126 ||   280
       Punch             |     2 |     4 ||     6
Invok: Bend Space        |     1 |       ||     1
  Use: Scroll            |     3 |     3 ||     6
Armor: Leather armour    |    36 |    37 ||    73
Dodge: Dodged            |    64 |    57 ||   121

Levels and vault maps discovered:
D:1:      evilmike_arrival_rings, layout_loops_ring,
          shapermc_ecumenical_altar_totnotflames
D:2:      layout_rooms, basic_altar, chequers_arboretum
D:3:      layout_rooms, gammafunk_ghost_split, uniq_robin

Notes
Turn   | Place    | Note
-------+----------+-------------------------------------------
     0 | Abyss:1  | spiderkeys the Naga Abyssal Knight began the quest for the
                  | Orb.
     0 | Abyss:1  | Reached XP level 1. HP: 21/21 MP: 2/2
     0 | Abyss:1  | magus.rc [v1.11.3]
    19 | Abyss:1  | Found a corrupted altar of Lugonu.
    35 | D:1      | You pass through the gate.
    35 | D:1      | Escaped the Abyss
    90 | D:1      | Reached skill level 1 in Dodging
    96 | D:1      | Reached XP level 2. HP: 11/28 MP: 3/3
  1042 | D:1      | Reached XP level 3. HP: 34/34 MP: 4/4
  1067 | D:1      | Found a faded altar of an unknown god.
  1358 | D:2      | Found a shadowy altar of Dithmenos.
  1441 | D:2      | Reached *** piety under Lugonu
  1527 | D:2      | HP: 4/34 [worm (11)]
  1569 | D:2      | Reached XP level 4. HP: 32/42 MP: 6/6
  2111 | D:3      | Reached skill level 3 in Invocations
  2125 | D:3      | Noticed Robin
  2142 | D:3      | Killed Robin
  2148 | D:3      | Reached skill level 3 in Polearms
  2165 | D:3      | Reached XP level 5. HP: 32/50 MP: 7/7
  2227 | D:3      | Found a runed translucent gate.
  2227 | D:3      | Found a runed translucent gate.
  2227 | D:3      | Found a runed translucent gate.
  2228 | D:3      | Noticed bande's ghost (amateur GrFi)
  2256 | D:3      | Reached skill level 2 in Dodging
  2536 | D:3      | HP: 12/50 [bande's ghost (12)]
  2540 | D:3      | Slain by bande's ghost

Vanquished Creatures
  Robin (D:3)
  6 adders
  A worm (D:2)
  3 dart slugs
  4 ball pythons (D:3)
  3 endoplasms
  7 giant cockroaches
  9 goblins
  5 hobgoblins
  4 jackals (D:1)
  5 kobolds
  2 quokkas
  3 bats
  4 frilled lizards
  3 rats
60 creatures vanquished.

Table legend:
 A = Non-vault XP
 B = Vault XP
 C = Vault XP percentage of total XP
 D = Non-vault monster count
 E = Vault monster count
 F = Vault count percentage of total count
                 A         B        C        D         E       F
            +---------+---------+-------+---------+---------+-------
      Total |     161 |      34 |  17.4 |      49 |      11 |  18.3
            +---------+---------+-------+---------+---------+-------
        D:1 |      34 |       0 |   0.0 |      17 |       0 |   0.0
        D:2 |      51 |       0 |   0.0 |      14 |       0 |   0.0
        D:3 |      76 |      34 |  30.9 |      18 |      11 |  37.9
            +---------+---------+-------+---------+---------+-------

Illustrated notes

Table legend:
 A = Kills in this place as a percentage of kills in entire the game.
 B = Kills by you in this place as a percentage of kills by you in the entire game.
 C = Kills by friends in this place as a percentage of kills by friends in the entire game.
 D = Other kills in this place as a percentage of other kills in the entire game.
 E = Experience gained in this place as a percentage of experience gained in the entire game.
 F = Experience gained in this place divided by the number of levels of this place that you have seen.
                   A       B       C       D       E      F
               +-------+-------+-------+-------+-------+----------------------
         Total | 100.0 | 100.0 |   N/A |   N/A | 100.0 |  48.8
       Dungeon | 100.0 | 100.0 |   N/A |   N/A | 100.0 |  65.0
               +-------+-------+-------+-------+-------+----------------------

Table legend: (Time is in decaauts)
 A = Elapsed time spent in this place.
 B = Non-inter-level travel time spent in this place.
 C = Inter-level travel time spent in this place.
 D = Time resting spent in this place.
 E = Time spent auto-exploring this place.
 F = Levels seen in this place.
 G = Mean time per level.
                   A        B        C        D        E       F      G
               +--------+--------+--------+--------+--------+-----+--------+
         Total |   3177 |   3117 |     60 |     76 |   2471 |   4 |  794.2 |
       Dungeon |   3128 |   3068 |     60 |     76 |   2444 |   3 | 1042.7 |
         Abyss |     48 |     48 |      0 |      0 |     26 |   1 |   48.0 |
               +--------+--------+--------+--------+--------+-----+--------+

Top non-repeatable levels by time:
     D:1: 1528 daAuts
     D:3: 842 daAuts
     D:2: 757 daAuts
 Abyss:1: 48 daAuts
